 Dungeon Crawl Stone Soup version 0.23.2-30-g0e89c35649 (webtiles) character file.

Game seed: 14026912781605810881

247 Matador8 the Conjurer (level 5, 6/38 HPs)
             Began as a Draconian Fire Elementalist on June 19, 2019.
             Quit the game on level 5 of the Dungeon.
             The game lasted 00:24:08 (3940 turns).

Matador8 the Conjurer (Draconian Fire Elementalist) Turns: 3940, Time: 00:24:09

Health: 6/38       AC:  5    Str: 10    XL:     5   Next: 85%
Magic:  0/9        EV: 12    Int: 17    God:
Gold:   156        SH:  0    Dex: 11    Spells: 3/9 levels left

rFire    . . .     SeeInvis .   i - +0 whip
rCold    . . .     Gourm    .   (no shield)
rNeg     . . .     Faith    .   (armour unavailable)
rPois    .         Spirit   .   (helmet restricted)
rElec    .         Reflect  .   (no cloak)
rCorr    .         Harm     .   (no gloves)
MR       .....                  (no boots)
Stlth    ++........             (no amulet)
HPRegen  0.12/turn              (no ring)
MPRegen  0.11/turn              (no ring)

@: no status effects
A: unfitting armour, cold-blooded, AC +5
a: no special abilities


You were on level 5 of the Dungeon.
You were not hungry.

You visited 1 branch of the dungeon, and saw 5 of its levels.

You collected 156 gold pieces.

Inventory:

Hand Weapons
 i - a +0 whip (weapon)
 o - a +0 hunting sling
Jewellery
 a - an uncursed ring of fire {unknown}
 c - an uncursed ring of ice {unknown}
 j - a +5 amulet of reflection
 n - an uncursed ring of protection from cold {unknown}
 u - a +2 ring of protection {unknown}
Scrolls
 d - a scroll of blinking
 f - a scroll of amnesia
 h - a scroll of fear {unknown}
 l - 2 scrolls of identify
 m - a scroll of fog {unknown}
 p - a scroll of enchant weapon {unknown}
 s - a scroll of enchant armour {unknown}
 t - a scroll of remove curse {unknown}
Potions
 e - a potion of magic {unknown}
 g - 2 potions of might
 k - a potion of ambrosia {unknown}
 q - a potion of degeneration {unknown}
 r - a potion of haste {unknown}
Comestibles
 b - 5 rations


   Skills:
 - Level 2.2 Maces & Flails
 - Level 1.7 Dodging
 - Level 1.7 Stealth
 - Level 2.7 Spellcasting
 + Level 4.1 Conjurations
 + Level 3.8 Fire Magic


You had 3 spell levels left.
You knew the following spells:

 Your Spells              Type           Power        Failure   Level  Hunger
a - Flame Tongue          Conj/Fire      ###..        3%          1    #......
b - Conjure Flame         Conj/Fire      ###.....     11%         3    ###....
c - Throw Flame           Conj/Fire      ###...       5%          2    ##.....

Your spell library contained the following spells:

 Spells                   Type           Power        Failure   Level  Hunger
 Inner Flame              Hex/Fire       #.......     24%         3    ###....
 Sticky Flame             Conj/Fire      ###.....     34%         4    #####..
 Fireball                 Conj/Fire      ###.......   67%         5    ######.


Dungeon Overview and Level Annotations

Branches:
Dungeon (5/15)
 Temple: D:4-7

Altars:
Xom
Yredelemnul


Innate Abilities, Weirdness & Mutations

Your plain brown scales are hard. (AC +5)
You cannot fit into any form of body armour.
You are cold-blooded and may be slowed by cold attacks.


Message History

The bullfrog zombie is almost destroyed.
The bullfrog zombie barely misses you. The bullfrog zombie closely misses you.
The bullfrog zombie hits you.
* * * LOW HITPOINT WARNING * * *
Casting: Flame Tongue (safe; 3% risk of failure)
Confirm with . or Enter, or press ? or * to list all spells.
Aiming: Flame Tongue (safe; 3% risk of failure)
Press: ? - help, Shift-Dir - straight line, f/p - bullfrog zombie
Aim: a bullfrog zombie (almost destroyed)
The flame tongue hits the bullfrog zombie.
You destroy the bullfrog zombie!
Found 27 arrows.
A water moccasin comes into view.
The water moccasin hisses angrily.
You hit something.
Your tail-slap misses something.
Something hits you but does no damage.
Quiver which item? (- for none, * to show all) (? for menu, Esc to quit)
Okay, then.
Are you sure you want to abandon this character and quit the game? (Confirm with "yes".)

#.# #..###{# #.#
########(....<#
##.###.(...##.######
##...##..... #.#
#.....#..S. #.
#....##... ##
#.#.###.. #.### #.#
####.#####@#
#.......##.###.#
#.##.##.##.....# #
#.......######
#.....#.# #.##..#...
#. #.......# ..
...#.###.# #.#####.#
..


You could see a water moccasin.

Vanquished Creatures
  A bullfrog zombie (D:5)
  A hound (D:3)
  An orc wizard (D:3)
  An iguana (D:3)
  A worker ant (D:4)
  2 adders (D:4)
  2 oozes
  2 worms
  3 leopard geckos
  8 orcs
  3 giant cockroaches
  2 gnoll zombies (D:4)
  5 goblins
  9 hobgoblins
  9 kobolds
  A ball python (D:1)
  A ball python skeleton (D:4)
  3 bats
  10 frilled lizards
  5 rats
70 creatures vanquished.

Notes
Turn   | Place    | Note
-------+----------+-------------------------------------------
     0 | D:1      | Matador8 the Draconian Fire Elementalist began the quest
                  | for the Orb.
     0 | D:1      | Reached XP level 1. HP: 14/14 MP: 3/3
   241 | D:1      | Reached XP level 2. HP: 20/20 MP: 3/5
   457 | D:1      | Reached skill level 2 in Conjurations
   711 | D:2      | Reached XP level 3. HP: 26/26 MP: 4/7
   718 | D:2      | Learned a level 3 spell: Conjure Flame
  1414 | D:3      | Reached skill level 1 in Maces & Flails
  2056 | D:3      | Reached skill level 3 in Conjurations
  2056 | D:3      | Reached XP level 4. HP: 33/33 MP: 2/8
  2411 | D:4      | Found a shimmering altar of Xom.
  2412 | D:4      | Found a shimmering altar of Xom.
  2412 | D:4      | Found a shimmering altar of Xom.
  2412 | D:4      | Found a shimmering altar of Xom.
  2412 | D:4      | Found a shimmering altar of Xom.
  2413 | D:4      | Found a shimmering altar of Xom.
  2415 | D:4      | Found a shimmering altar of Xom.
  2415 | D:4      | Found a shimmering altar of Xom.
  2415 | D:4      | Found a shimmering altar of Xom.
  2415 | D:4      | Found a shimmering altar of Xom.
  2439 | D:4      | Noticed an ogre
  2859 | D:3      | Learned a level 2 spell: Throw Flame
  2940 | D:4      | Reached XP level 5. HP: 38/38 MP: 3/9
  3401 | D:4      | Found a basalt altar of Yredelemnul.
  3798 | D:5      | Entered Level 5 of the Dungeon
  3823 | D:5      | Noticed a phantom
  3845 | D:5      | Reached skill level 4 in Conjurations
  3938 | D:5      | Noticed a water moccasin
  3940 | D:5      | Quit the game

Skill      XL: |  1  2  3  4  5 |
---------------+----------------+-----
Conjurations   | 2 3 4 |  4.1
Maces & Flails | 1 2 |  2.2
Dodging        | |  1.7
Stealth        | |  1.7
Spellcasting   | |  2.7
Fire Magic     | |  3.8

Action                   |  1- 3 |  4- 6 || total
-------------------------+-------+-------++-------
Melee: Unarmed           |    16 |       ||    16
       Tailslap          |     7 |     4 ||    11
       Whip              |    86 |    31 ||   117
 Cast: Flame Tongue      |    45 |    38 ||    83
       Conjure Flame     |     4 |     2 ||     6
       Throw Flame       |       |    19 ||    19
  Use: Potion            |     1 |     4 ||     5
       Scroll            |       |     3 ||     3
 Stab: Sleeping          |     4 |     1 ||     5
       Distracted        |     1 |       ||     1
  Eat: Chunk             |     4 |     1 ||     5
       Ration            |       |     2 ||     2
Armor: Skin              |    28 |    27 ||    55
Dodge: Dodged            |    56 |    53 ||   109
